 Dungeon Sprint DCSS version 0.31-a0-604-g8e0283293c (webtiles) character file.

Game seed: 15644387122469449475

1402 Maratek the Grappler (level 8, -1/89 HPs)
             Began as a Troll Berserker on Aug 21, 2023.
             Was a High Priest of Trog.
             Slain by a vampire mosquito (2 damage)
             ... in the Dungeon (Sprint IX: "|||||||||||||||||||||||||||||").
             The game lasted 00:01:20 (784 turns).

Maratek the Grappler (Troll Berserker)               Turns: 784, Time: 00:01:20

Health: -1/89      AC:  4    Str: 28    XL:     8   Next: 42%
Magic:  7/7        EV: 13    Int:  6    God:    Trog [*****.]
Gold:   0          SH:  0    Dex: 12    Spells: 7/7 levels left

rFire   . .          .
                       - Unarmed
rCold   . . .        (no shield)
rNeg    . . .        a - +0 animal skin
rPois   .            (helmet restricted)
rElec   .            (no cloak)
rCorr   .            (gloves unavailable)
SInv    .            (boots unavailable)
Will    .....        (no amulet)
Stlth   +            j - +3 ring of intelligence
HPRegen 1.14/turn    k - +3 ring of dexterity
MPRegen 0.10/turn

%: no teleportation
@: on berserk cooldown, slowed, very slow
A: large, unfitting armour, claws 3, regeneration 1, shaggy fur 1, tough skin 1
a: Renounce Religion, Berserk, Trog's Hand, Brothers in Arms


You were in the Dungeon.
You worshipped Trog.
Trog was extremely pleased with you.
You visited 1 branch

Inventory:

Armour
 a - a +0 animal skin (worn)
Jewellery
 j - a +3 ring of intelligence (left claw)
 k - a +3 ring of dexterity (right claw)
Wands
 i - a wand of iceblast (10)
Scrolls
 g - 2 scrolls of blinking
Potions
 b - 5 potions of curing
 c - 3 potions of heal wounds
 d - a potion of haste
 e - 4 potions of magic
 f - a potion of berserk rage
 h - a potion of invisibility


   Skills:
 + Level 8.5 Fighting
 + Level 9.0 Dodging
 + Level 0.5 Stealth
 + Level 12.8 Unarmed Combat


You had 7 spell levels left.
You didn't know any spells.
Your spell library was empty.

Dungeon Overview and Level Annotations

Branches:
Dungeon (1/1)

Altars:
Cheibriados
Dithmenos
Elyvilon
Fedhas
Gozag
Hepliaklqana
Kikubaaqudgha
Makhleb
Nemelex Xobeh
Okawaru
Qazlal
Ru
Sif Muna
Trog
Uskayaw
Vehumet
Wu Jian
Xom
Yredelemnul
Zin
The Shining One
Jiyva
Lugonu


Innate Abilities, Weirdness & Mutations

You are too large for most types of armour.
You have claws for hands.
Your natural rate of healing is unusually fast.
You are covered in fur. (AC +1)
You have tough skin. (AC +1)


Message History

The centaur warrior hits you. The centaur warrior kicks you.
You barely miss the centaur warrior.
The centaur warrior is moderately wounded.
You scratch the centaur warrior.
The centaur warrior is heavily wounded.
The centaur warrior closely misses you.
The centaur warrior kicks you but does no damage.
You mangle the centaur warrior!!
The centaur warrior is almost dead.
The centaur warrior hits you but does no damage.
The centaur warrior kicks you but does no damage.
You mangle the centaur warrior!!
You kill the centaur warrior!
Trog accepts your kill. The boulder beetle hits you!
The boulder beetle stops rolling and uncurls.
The vampire mosquito closely misses you.
Your Fighting skill increases to level 8!
Your Dodging skill increases to level 9!
Your Unarmed Combat skill increases to level 12!
You have reached level 8!
You barely miss the vampire mosquito. The vampire mosquito bites you.
The vampire mosquito draws strength from your injuries!
You closely miss the vampire mosquito. The boulder beetle bites you!!
* * * LOW HITPOINT WARNING * * *
The vampire mosquito bites you!
* * * LOW HITPOINT WARNING * * *
The vampire mosquito draws strength from your injuries!
You closely miss the vampire mosquito.
The vampire mosquito closely misses you.
You barely miss the vampire mosquito. The boulder beetle bites you!
* * * LOW HITPOINT WARNING * * *
The vampire mosquito bites you.
* * * LOW HITPOINT WARNING * * *
The vampire mosquito draws strength from your injuries!
You closely miss the vampire mosquito.
You are no longer berserk.
You are exhausted.
You feel yourself slow down. The vampire mosquito bites you.
You die...

▓+▓
▓.▓
▓.▓
▓l▓
▓O▓
▓y▓
▓y▓
▓@▓
▓B▓
▓.▓
▓.▓
▓.▓
▓)▓
▓)▓
▓÷▓
▓.▓


You could see a boulder beetle, a two-headed ogre, a komodo dragon and 2 vampire
mosquitoes.

Vanquished Creatures
  A centaur warrior (D)
  A yak (D)
  A wraith (D)
  An acid dragon (D)
  A centaur (D)
  2 phantoms (D)
  A gnoll sergeant (D)
  A scorpion (D)
  A howler monkey (D)
  An iguana (D)
  An adder (D)
  An endoplasm (D)
  A goblin (D)
  A hobgoblin (D)
  2 rats (D)
17 creatures vanquished.

Notes
Turn   | Place    | Note
-------+----------+-------------------------------------------
     0 | D        | Maratek the Troll Berserker began the quest for the Orb.
     0 | D        | Reached XP level 1. HP: 22/22 MP: 0/0
    11 | D        | Reached ** piety under Trog
    21 | D        | Noticed a phantom
    21 | D        | Noticed a phantom
    21 | D        | Noticed an iguana
    21 | D        | Noticed a scorpion
    25 | D        | Killed a scorpion
    26 | D        | Reached skill level 5 in Unarmed Combat
    26 | D        | Reached XP level 2. HP: 30/32 MP: 1/1
    26 | D        | Reached XP level 3. HP: 36/39 MP: 2/2
    33 | D        | Reached *** piety under Trog
    34 | D        | Reached skill level 6 in Unarmed Combat
    34 | D        | Reached XP level 4. HP: 15/49 MP: 3/3
    39 | D        | Killed a phantom
    40 | D        | Reached skill level 5 in Fighting
    40 | D        | Reached skill level 5 in Dodging
    40 | D        | Reached skill level 7 in Unarmed Combat
    40 | D        | Reached XP level 5. HP: 22/57 MP: 4/4
    43 | D        | Killed a phantom
    44 | D        | Reached skill level 8 in Unarmed Combat
   486 | D        | Found a snail-covered altar of Cheibriados.
   486 | D        | Found a shadowy altar of Dithmenos.
   486 | D        | Found a white marble altar of Elyvilon.
   486 | D        | Found a blossoming altar of Fedhas.
   486 | D        | Found an opulent altar of Gozag.
   487 | D        | Found a hazy altar of Hepliaklqana.
   488 | D        | Found a viscous altar of Jiyva.
   489 | D        | Found an ancient bone altar of Kikubaaqudgha.
   490 | D        | Found a corrupted altar of Lugonu.
   491 | D        | Found a burning altar of Makhleb.
   492 | D        | Found a sparkling altar of Nemelex Xobeh.
   493 | D        | Found an iron altar of Okawaru.
   494 | D        | Found a stormy altar of Qazlal.
   495 | D        | Found a sacrificial altar of Ru.
   496 | D        | Found a shimmering blue altar of Sif Muna.
   497 | D        | Found a bloodstained altar of Trog.
   498 | D        | Found a hide-covered altar of Uskayaw.
   499 | D        | Found a radiant altar of Vehumet.
   500 | D        | Found an ornate altar of the Wu Jian Council.
   501 | D        | Found a shimmering altar of Xom.
   502 | D        | Found a basalt altar of Yredelemnul.
   503 | D        | Found a glowing silver altar of Zin.
   504 | D        | Found a glowing golden altar of the Shining One.
   530 | D        | Noticed a centaur
   530 | D        | Noticed a wraith
   530 | D        | Noticed a yak
   530 | D        | Noticed an acid dragon
   534 | D        | Killed an acid dragon
   534 | D        | Reached **** piety under Trog
   535 | D        | Reached skill level 9 in Unarmed Combat
   535 | D        | Reached XP level 6. HP: 68/68 MP: 5/5
   536 | D        | Killed a yak
   537 | D        | Reached skill level 10 in Unarmed Combat
   541 | D        | Killed a wraith
   542 | D        | Reached XP level 7. HP: 78/78 MP: 6/6
   544 | D        | Reached skill level 11 in Unarmed Combat
   545 | D        | Reached ***** piety under Trog
   763 | D        | Noticed a two-headed ogre
   763 | D        | Noticed a vampire mosquito
   763 | D        | Noticed a vampire mosquito
   763 | D        | Noticed a boulder beetle
   763 | D        | Noticed a komodo dragon
   763 | D        | Noticed a centaur warrior
   779 | D        | Killed a centaur warrior
   780 | D        | Reached skill level 12 in Unarmed Combat
   780 | D        | Reached XP level 8. HP: 45/89 MP: 7/7
   783 | D        | HP: 3/133 [boulder beetle (10)]
   783 | D        | HP: 1/133 [vampire mosquito (2)]
   784 | D        | Slain by a vampire mosquito

Illustrated notes

Levels and vault maps discovered:
D:        linesprint [early_d, line_temple, items_1, d_10, items_2, lair_1,
          lair_end, items_3, orc_1, orc_end, items_4, d_15, swamp_1, shoals_1,
          snake_1, spider_1, d_20, vaults_1, items_5, swamp_end, shoals_end,
          snake_end, spider_end, vaults_end, d_27, items_6, zot_1, zot_end,
          crypt_end, forest_end, elf_end, slime_end, tomb_end, abyss_end,
          pan_hell_end]

Skill      XL: |  1  2  3  4  5  6  7 |
---------------+----------------------+-----
Fighting       | 4 5 6 7 8 |  8.5
Dodging        | 4 5 6 7 9 |  9.0
Unarmed Combat | 5 6 7 9 10 12 | 12.8
Stealth        | |  0.5

Action                     |  1- 3 |  4- 6 |  7- 9 || total
---------------------------+-------+-------+-------++-------
  Melee: Unarmed           |    21 |    19 |    25 ||    65
         Punch             |       |     1 |     2 ||     3
 Invoke: Berserk           |     1 |     1 |     1 ||     3
 Armour: Animal skin       |     3 |     1 |     5 ||     9
  Dodge: Dodged            |     7 |     6 |     7 ||    20

Table legend: (Time is in decaauts)
 A = Elapsed time spent in this place.
 B = Non-inter-level travel time spent in this place.
 C = Inter-level travel time spent in this place.
 D = Time resting spent in this place.
 E = Time spent auto-exploring this place.
 F = Levels seen in this place.
 G = Mean time per level.
                   A        B        C        D        E       F      G
               +--------+--------+--------+--------+--------+-----+--------+
         Total |    783 |    783 |      0 |    668 |      1 |   1 |  783.0 |
       Dungeon |    783 |    783 |      0 |    668 |      1 |   1 |  783.0 |
               +--------+--------+--------+--------+--------+-----+--------+

Top non-repeatable levels by time:
       D: 783 daAuts
